 Seeded DCSS version 0.31-a0-596-g831eee08f1 (webtiles) character file.

Game seed: 13072137714890895578 (custom seed)

58 sircluck the Trooper (level 4, -3/40 HPs)
             Began as a Hill Orc Fighter on Aug 20, 2023.
             Slain by a gnoll
             ... wielding a +0 whip
              (6 damage)
             ... on level 2 of the Dungeon.
             The game lasted 00:01:04 (720 turns).

sircluck the Trooper (Hill Orc Fighter)              Turns: 720, Time: 00:01:05

Health: -3/40      AC:  7    Str: 20    XL:     4   Next: 1%
Magic:  4/4        EV:  9    Int:  8    God:
Gold:   53         SH:  4    Dex: 10    Spells: 3/3 levels left

rFire   . . .        a - +0 war axe
rCold   . . .        c - +0 buckler
rNeg    . . .        b - +0 scale mail
rPois   .            (no helmet)
rElec   .            (no cloak)
rCorr   .            (no gloves)
SInv    .            (no boots)
Will    .....        (no amulet) Stlth
                     (no ring)
HPRegen 0.26/turn    (no ring)
MPRegen 0.09/turn

%: no passive effects
@: no status effects
A: no striking features
a: no special abilities


You were on level 2 of the Dungeon.
You visited 1 branch of the dungeon, and saw 2 of its levels.

You collected 53 gold pieces.

Inventory:

Hand Weapons
 a - a +0 war axe (weapon)
Missiles
 i - 7 stones
Armour
 b - a +0 scale mail (worn)
 c - a +0 buckler (worn)
 l - a +0 helmet
Jewellery
 m - a ring of willpower
Scrolls
 f - a scroll of identify {unknown}
 g - a scroll of revelation {unknown}
 j - a scroll of teleportation {unknown}
 k - a scroll of immolation {unknown}
 o - a scroll of blinking {unknown}
Potions
 d - a potion of might
 e - a potion of brilliance {unknown}
 h - a potion of curing {unknown}
 n - 2 potions of degeneration {unknown}


   Skills:
 + Level 4.2 Fighting
 + Level 3.6 Axes
 + Level 3.8 Armour
 + Level 3.8 Shields


You had 3 spell levels left.
You didn't know any spells.
Your spell library was empty.

Dungeon Overview and Level Annotations

Branches:
Dungeon (2/15)

Altars:
Wu Jian

Shops:
D:1 [


Message History

The gnoll shouts!
Found a dagger.
The gnoll closely misses you. The gnoll hits you with a +0 club.
The gnoll hits you with a +0 spear.
There is an open door here.
There are monsters nearby!
You slash the gnoll!
The gnoll is almost dead.
You barely miss the gnoll. You closely miss the gnoll.
The gnoll hits you with a +0 whip. The gnoll hits you with a +0 spear.
The gnoll closely misses you.
There are monsters nearby!
You completely miss the gnoll.
The gnoll is almost dead.
You hit the gnoll. You hit the gnoll but do no damage.
The gnoll hits you with a +0 whip! The gnoll barely misses you.
You block the gnoll's attack. The gnoll hits you but does no damage.
The gnoll hits you with a +0 whip. The gnoll hits you with a +0 spear.
You are too injured to fight recklessly!
There are monsters nearby!
You are too injured to fight recklessly!
There are monsters nearby!
You are too injured to fight recklessly!
The gnoll hits you from afar with a +0 spear.
You hit the gnoll.
You kill the gnoll!
You block the gnoll's attack.
You have reached level 4!
You closely miss the gnoll.
The gnoll is moderately wounded.
The gnoll hits you but does no damage.
The gnoll hits you from afar with a +0 spear.
* * * LOW HITPOINT WARNING * * *
The gnoll hits you but does no damage.
You closely miss the gnoll.
The gnoll is moderately wounded.
The gnoll hits you from afar with a +0 spear!
* * * LOW HITPOINT WARNING * * *
The gnoll hits you with a +0 whip.
You die...

##. #. #.# +# #. #..
#.# #.## #.# #.#
######..### #.## #).#
#.........# #.##
#..##.#.......#####.#.
#..g.@....†_..........
#..##g#.......#####.#.
#.# #)#.......# #....
## #.#.####.## #....
#.#.####.# #.#..
#........# #..§_
###.###### #.... #.#
##### #.# ##


You could see 2 gnolls.

Vanquished Creatures
  2 gnolls
  2 dart slugs (D:1)
  4 ball pythons (D:1)
  3 endoplasms (D:1)
  A giant cockroach (D:1)
  4 goblins (D:1)
  4 hobgoblins (D:1)
  A kobold (D:1)
  2 quokkas (D:1)
  6 bats
  A frilled lizard (D:1)
  2 rats (D:1)
32 creatures vanquished.

Notes
Turn   | Place    | Note
-------+----------+-------------------------------------------
     0 | D:1      | sircluck the Hill Orc Fighter began the quest for the Orb.
     0 | D:1      | Reached XP level 1. HP: 19/19 MP: 1/1
    48 | D:1      | Reached XP level 2. HP: 25/27 MP: 2/2
   169 | D:1      | Reached skill level 4 in Fighting
   225 | D:1      | Reached XP level 3. HP: 31/33 MP: 3/3
   608 | D:1      | Found Ycroisao's Armour Shop.
   667 | D:2      | Found a faded altar of an unknown god.
   684 | D:2      | Found an ornate altar of the Wu Jian Council.
   718 | D:2      | Reached XP level 4. HP: 13/40 MP: 4/4
   720 | D:2      | Slain by a gnoll

Illustrated notes

Levels and vault maps discovered:
D:1:      saegor_arrival_simple_d, layout_rooms, serial_shops,
          nicolae_square_shop
D:2:      layout_loops_corners, basic_altar, ebering_ecumenical_altar_mist,
          nicolae_underground_beach, uniq_jessica

Skill      XL: |  1  2 |
---------------+-------+-----
Axes           | 3 |  3.6
Fighting       | 4 |  4.2
Armour         | |  3.8
Shields        | |  3.8

Action                     |  1- 3 |  4- 6 || total
---------------------------+-------+-------++-------
  Melee: War axe           |   100 |     2 ||   102
 Armour: Scale mail        |    47 |     2 ||    49
  Dodge: Dodged            |    61 |       ||    61
  Block: Buckler           |    23 |       ||    23

Table legend: (Time is in decaauts)
 A = Elapsed time spent in this place.
 B = Non-inter-level travel time spent in this place.
 C = Inter-level travel time spent in this place.
 D = Time resting spent in this place.
 E = Time spent auto-exploring this place.
 F = Levels seen in this place.
 G = Mean time per level.
                   A        B        C        D        E       F      G
               +--------+--------+--------+--------+--------+-----+--------+
         Total |    758 |    734 |     24 |      0 |    497 |   2 |  379.0 |
       Dungeon |    758 |    734 |     24 |      0 |    497 |   2 |  379.0 |
               +--------+--------+--------+--------+--------+-----+--------+

Top non-repeatable levels by time:
     D:1: 693 daAuts
     D:2: 64 daAuts
